 Dungeon Sprint DCSS version 0.29.1-13-g9f3cf754e1 (webtiles) character file.

Game seed: 11271402221486252629

6532 Groucho the Unseen (level 10, -2/44 HPs)
             Began as a Spriggan Enchanter on Jan 22, 2023.
             Was an Elder of Dithmenos.
             Slain by a kraken (19 damage)
             ... in the Dungeon (Sprint II: "The Violet Keep of Menkaure").
             The game lasted 00:15:17 (1518 turns).

Groucho the Unseen (Spriggan Enchanter)             Turns: 1518, Time: 00:15:18

Health: -2/44      AC:  5    Str:  8      XL:     10   Next: 69%
Magic:  24/30      EV: 23    Int: 17      God:    Dithmenos [****..]
Gold:   342        SH:  0    Dex: 14 (16) Spells: 22/39 levels left

rFire   . . .      SeeInvis +   a - +1 dagger
rCold   . . .      Faith    .   (no shield)
rNeg    . . .      Spirit   .   k - +2 robe {Will+}
rPois   +          Reflect  .   (helmet restricted)
rElec   .          Harm     .   l - +0 cloak
rCorr   .          Rampage  .   (gloves unavailable)
Will    ++...      NoTele   +   (boots unavailable)
Stlth   ++++++++++              (no amulet)
HPRegen 0.00/turn               f - ring of flight
MPRegen 0.22/turn               j - ring of poison resistance

@: confusing by touch, flying, inhibited regen, wreathed by umbra, very quick
A: very small, no large weapons, unfitting armour, see invisible, speed 3,
deterioration 1, inhibited regeneration
a: Renounce Religion, Shadow Step


You were in the Dungeon.
You worshipped Dithmenos.
Dithmenos was greatly pleased with you.
You visited 1 branch You collected 1215 gold pieces.
You spent 873 gold pieces at shops.

Inventory:

Hand Weapons
 a - a +1 dagger (weapon)
Armour
 k - a +2 robe of willpower (worn)
 l - a +0 cloak (worn)
Jewellery
 f - a ring of flight (left hand)
 j - a ring of poison resistance (right hand)
Potions
 d - a potion of curing
 g - 2 potions of magic
 h - a potion of berserk rage


   Skills:
 - Level 10.0 Short Blades
 * Level 11.0 Dodging
 - Level 17.0 Stealth
 + Level 15.1 Spellcasting
 * Level 6.3 Conjurations
 - Level 14.0 Hexes
 * Level 7.3 Earth Magic


You had 22 spell levels left.
You knew the following spells:

 Your Spells              Type           Power      Damage    Failure   Level
a - Ensorcelled Hibernat  Hex/Ice        72%        N/A       1%          2
b - Confusing Touch       Hex            57%        N/A       1%          3
c - Dazzling Flash        Conj/Hex       94%        N/A       1%          3
d - Sandblast             Erth           74%        2d16      1%          1
e - Passwall              Tmut/Erth      20%        N/A       1%          2
f - Stone Arrow           Conj/Erth      72%        3d11      1%          3
g - Mephitic Cloud        Conj/Pois/Air  20%        N/A       6%          3

Your spell library contained the following spells:

 Spells                   Type           Power      Damage    Failure   Level
 Magic Dart               Conj           100%       1d8       1%          1
 Tukima's Dance           Hex            57%        N/A       1%          3
 Call Imp                 Summ           12%        N/A       8%          2


Dungeon Overview and Level Annotations

Branches:
Dungeon (1/1)

Altars:
Cheibriados
Dithmenos
Elyvilon
Fedhas
Gozag
Hepliaklqana
Kikubaaqudgha
Makhleb
Nemelex Xobeh
Okawaru
Qazlal
Ru
Sif Muna
Trog
Uskayaw
Vehumet
Wu Jian
Xom
Yredelemnul
Zin
The Shining One
Jiyva
Lugonu

Shops:
D :(:[!!*(==[?**[

Annotations:
D exclusions: oklob plant and orange crystal statue


Innate Abilities, Weirdness & Mutations

You are very small and have problems with some larger weapons.
You are too small for most types of armour.
You have supernaturally acute eyesight. (SInv)
You cover ground extremely quickly. (Speed+++)
Your body sometimes deteriorates upon taking damage.
You do not regenerate when monsters are visible.


Message History

You start resting.
You start resting.
You start resting.
You start resting.
You start resting.
HP restored.
You start waiting.
You start waiting.
You're standing in a cloud of steam!
Casting: Mephitic Cloud (dangerous; 6% risk of failure)
Confirm with . or Enter, or press ? or * to list all spells.
Aiming: Ensorcelled Hibernation (safe; 1% risk of failure)
Press: ? - help, Shift-Dir - straight line, f - kraken
Aim: a kraken (water, wandering, hasn't noticed you, umbra, chance to affect: 29%)
The kraken easily resists.
Casting: Ensorcelled Hibernation (safe; 1% risk of failure)
Confirm with . or Enter, or press ? or * to list all spells.
Aiming: Ensorcelled Hibernation (safe; 1% risk of failure)
Press: ? - help, Shift-Dir - straight line, f/p - kraken
Aim: a kraken (water, umbra, chance to affect: 29%)
The kraken looks drowsy...
The helpless kraken fails to defend itself.
You stick the kraken like a pincushion!!!!
The kraken is severely wounded.
Your shadow completely misses the kraken.
The kraken bites you!!
Ouch! That really hurt!
* * * LOW HITPOINT WARNING * * *
Your body deteriorates!
You feel clumsy.
You emit a cloud of dark smoke.
Unknown command.
Unknown command.
You feel much better.
Tentacles burst out of the water! 4 tentacles come into view.
Casting: Ensorcelled Hibernation (safe; 1% risk of failure)
Confirm with . or Enter, or press ? or * to list all spells.
Your hands begin to glow red.
The kraken misses you. The tentacle slaps you!!
Ouch! That really hurt!
You emit a cloud of dark smoke.
The tentacle misses you. The kraken bites you!!
You die...

.# k .##.
[▓[$!$)(?)▓▓
...####▓[:(:[!)!▓▓
#..##)#▓??[?[!)$▓▓
'.^#..#▓?$$[!$[!▓▓
#^.#..#▓$!([:)$)▓▓
#..##.#▓$$?!?!?[▓▓
##...##▓▓▓▓▓▓▓+▓▓▓▓+▓
.~~~~~~~~~~~~~§§@w§≈▓
.~#+########+###wXw≈▓
.~#.._.....#~~§##w§≈▓
.~#._._....#~~≈≈####▓
~~#_._._...#~§~~≈##
~~#._._._..#~§§≈≈≈#
§§#_._._._.#~~§§§§+
§≈#._._._._#~~~§≈§#
≈≈#_._._._.#~~§§§≈▓


You could see a kraken and 4 tentacles.

Vanquished Creatures
  A deep elf master archer (D)
  A great orb of eyes (D)
  2 boulder beetles (D)
  A merfolk siren (D)
  2 cane toads (D)
  A yaktaur (D)
  3 polar bears (D)
  A hornet (D)
  A blink frog (D)
  3 neqoxecs (D)
  Menkaure (D)
  4 water moccasins (D)
  3 black bears (D)
  4 scorpions (D)
28 creatures vanquished.

Vanquished Creatures (others)
  A neqoxec (D)
  8 tentacles (D)
9 creatures vanquished.

Grand Total: 37 creatures vanquished

Notes
Turn   | Place    | Note
-------+----------+-------------------------------------------
     0 | D        | Groucho the Spriggan Enchanter began the quest for the Orb.
     0 | D        | Reached XP level 1. HP: 9/9 MP: 5/5
     3 | D        | Noticed a scorpion
     3 | D        | Noticed a scorpion
     3 | D        | Noticed a scorpion
     3 | D        | Noticed a scorpion
    15 | D        | Killed a scorpion
    16 | D        | Reached skill level 8 in Stealth
    16 | D        | Reached skill level 5 in Hexes
    16 | D        | Reached XP level 2. HP: 13/13 MP: 5/8
    16 | D        | Reached XP level 3. HP: 16/16 MP: 6/10
    20 | D        | Killed a scorpion
    21 | D        | Reached skill level 10 in Stealth
    21 | D        | Reached skill level 5 in Spellcasting
    21 | D        | Reached XP level 4. HP: 21/21 MP: 6/12
    21 | D        | Killed a scorpion
    22 | D        | Reached skill level 5 in Short Blades
    22 | D        | Reached skill level 11 in Stealth
    22 | D        | Reached XP level 5. HP: 24/24 MP: 6/14
    25 | D        | Reached skill level 12 in Stealth
    32 | D        | Noticed a neqoxec
    32 | D        | Noticed a neqoxec
    32 | D        | Noticed a neqoxec
    32 | D        | Noticed a neqoxec
    34 | D        | Killed a neqoxec
    35 | D        | Reached skill level 13 in Stealth
    35 | D        | Reached XP level 6. HP: 28/28 MP: 7/17
    44 | D        | Learned a level 2 spell: Ensorcelled Hibernation
    48 | D        | Learned a level 3 spell: Confusing Touch
    49 | D        | Killed a neqoxec
    50 | D        | Reached skill level 14 in Stealth
    52 | D        | Killed a neqoxec
    53 | D        | Reached skill level 15 in Stealth
    53 | D        | Reached XP level 7. HP: 32/32 MP: 4/20
    55 | D        | Gained mutation: You have hidden genetic defects. [a
                  | neqoxec]
   111 | D        | Killed a neqoxec
   173 | D        | Noticed a boulder beetle
   174 | D        | Noticed a boulder beetle
   175 | D        | Noticed a merfolk siren
   190 | D        | Killed a merfolk siren
   191 | D        | Reached skill level 17 in Stealth
   191 | D        | Reached skill level 10 in Hexes
   204 | D        | Gained mutation: You do not regenerate when monsters are
                  | visible. [hidden defects]
   569 | D        | Killed a boulder beetle
   570 | D        | Reached skill level 10 in Short Blades
   570 | D        | Reached XP level 8. HP: 36/36 MP: 21/24
   571 | D        | Found Saudghiaf's Jewellery Shop.
   572 | D        | Found Xourr's Antique Weapon Boutique.
   572 | D        | Found Fuiss's General Store.
   572 | D        | Found Ofooh's General Store.
   572 | D        | Found Taofratox's Distillery.
   573 | D        | Found Efein's Armour Shop.
   573 | D        | Found Miuzime's Magic Scroll Boutique.
   573 | D        | Found Dupier's Antique Armour Shop.
   573 | D        | Found Hakamuk's Distillery.
   573 | D        | Found Xyciosun's Antique Armour Shop.
   577 | D        | Found Luinag's General Store.
   577 | D        | Found Cadihov's Jewellery Shop.
   577 | D        | Found Doysyq's Book Shop.
   577 | D        | Found Ximoxzob's Weapon Boutique.
   577 | D        | Noticed Menkaure
   577 | D        | Noticed a polar bear
   577 | D        | Gained mutation: Your body sometimes deteriorates upon
                  | taking damage. [hidden defects]
   577 | D        | Lost mutation: You have hidden genetic defects. [hidden
                  | defects expressed]
   579 | D        | Noticed a polar bear
   598 | D        | Killed Menkaure
   609 | D        | Killed a boulder beetle
   610 | D        | Reached XP level 9. HP: 39/39 MP: 15/27
   612 | D        | Noticed an oklob plant
   613 | D        | Found Niciucir's Book Shoppe.
   629 | D        | Bought a book of Geomancy for 252 gold pieces
   633 | D        | Learned a level 3 spell: Dazzling Flash
   635 | D        | Learned a level 1 spell: Sandblast
   638 | D        | Learned a level 2 spell: Passwall
   642 | D        | Learned a level 3 spell: Stone Arrow
   660 | D        | Bought a ring of flight for 210 gold pieces
   660 | D        | Bought a ring of poison resistance for 240 gold pieces
   672 | D        | Bought an embroidered robe for 77 gold pieces
   672 | D        | Bought a cloak for 94 gold pieces
   711 | D        | Found a stormy altar of Qazlal.
   711 | D        | Found an ornate altar of the Wu Jian Council.
   712 | D        | Found a hazy altar of Hepliaklqana.
   712 | D        | Found a sacrificial altar of Ru.
   712 | D        | Found a shimmering altar of Xom.
   713 | D        | Found a viscous altar of Jiyva.
   713 | D        | Found a shimmering blue altar of Sif Muna.
   714 | D        | Found a snail-covered altar of Cheibriados.
   714 | D        | Found an ancient bone altar of Kikubaaqudgha.
   714 | D        | Found a bloodstained altar of Trog.
   717 | D        | Found a glowing golden altar of the Shining One.
   721 | D        | Found a basalt altar of Yredelemnul.
   722 | D        | Found a glowing silver altar of Zin.
   723 | D        | Found a hide-covered altar of Uskayaw.
   723 | D        | Found a corrupted altar of Lugonu.
   723 | D        | Found a shadowy altar of Dithmenos.
   724 | D        | Found a radiant altar of Vehumet.
   724 | D        | Found a burning altar of Makhleb.
   724 | D        | Found a white marble altar of Elyvilon.
   724 | D        | Noticed an orange crystal statue
   728 | D        | Found a sparkling altar of Nemelex Xobeh.
   728 | D        | Found an iron altar of Okawaru.
   728 | D        | Found an opulent altar of Gozag.
   728 | D        | Found a blossoming altar of Fedhas.
   736 | D        | Became a worshipper of Dithmenos the Shadowed
   756 | D        | Reached skill level 1 in Earth Magic
   758 | D        | Reached skill level 1 in Conjurations
   770 | D        | Reached * piety under Dithmenos
   821 | D        | Noticed a polar bear
   839 | D        | Noticed a deep elf master archer
   844 | D        | Killed a deep elf master archer
   850 | D        | Noticed a cane toad
   850 | D        | Noticed a cane toad
   852 | D        | Killed a cane toad
   853 | D        | Reached XP level 10. HP: 31/44 MP: 29/29
   854 | D        | Killed a cane toad
   854 | D        | Reached ** piety under Dithmenos
   855 | D        | Reached skill level 5 in Earth Magic
   869 | D        | Reached skill level 5 in Conjurations
   875 | D        | Noticed a great orb of eyes
   877 | D        | Killed a great orb of eyes
   877 | D        | Reached *** piety under Dithmenos
   889 | D        | Reached skill level 10 in Dodging
   890 | D        | Reached **** piety under Dithmenos
   892 | D        | Reached skill level 15 in Spellcasting
  1026 | D        | Learned a level 3 spell: Mephitic Cloud
  1089 | D        | Found the +0 pair of fencer's gloves {Riposte Dex+3}
  1093 | D        | Noticed a kraken
  1518 | D        | Slain by a kraken

Illustrated notes

Levels and vault maps discovered:
D:        the_violet_keep_of_menkaure [sprint2_stairs_cluster_1,
          sprint2_shoproom, sprint2_temple, sprint2_basic_supplies,
          sprint2_obstacle_5, sprint2_obstacle_4, sprint2_obstacle_1,
          sprint2_obstacle_3, sprint2_obstacle_7, sprint2_timed_cluster_1,
          sprint2_smallroom_cluster_1, sprint2_smallroom_final_cluster_1,
          sprint2_transparent_cluster_1, sprint2_second_timed_cluster_1,
          sprint2_sniper_area_1, sprint2_heavy_combat_area_1,
          sprint2_mutation_trap_area_1, sprint2_forest_area_1,
          sprint2_light_combat_area_1, sprint2_behind_water_1,
          sprint2_near_end_vault_1]

Skill      XL: |  1  2  3  4  5  6  7  8  9 10 |
---------------+-------------------------------+-----
Short Blades   | 3 4 5 6 7 10 | 10.0
Stealth        | 8 10 11 13 15 17 | 17.0
Spellcasting   | 4 5 6 7 8 11 13 14 15 | 15.1
Hexes          | 5 6 8 9 11 13 14 | 14.0
Dodging        | 7 11 | 11.0
Earth Magic    | 4 7 |  7.3
Conjurations   | 4 6 |  6.3

Action                   |  1- 3 |  4- 6 |  7- 9 | 10-12 || total
-------------------------+-------+-------+-------+-------++-------
Melee: Dagger            |    13 |     6 |    16 |    13 ||    48
 Cast: Ensorcelled Hiber |       |     2 |    17 |     3 ||    22
       Confusing Touch   |       |       |     2 |     1 ||     3
       Passwall          |       |       |     4 |       ||     4
       Mephitic Cloud    |       |       |       |     1 ||     1
  Use: Potion            |     2 |       |     1 |     1 ||     4
       Scroll            |       |       |       |     1 ||     1
 Stab: Sleeping          |     2 |     4 |     9 |    13 ||    28
       Invisible         |     1 |     1 |       |       ||     2
       Confused          |       |       |     1 |       ||     1
Armor: Robe              |     1 |       |     2 |       ||     3
Dodge: Dodged            |     6 |     1 |     5 |     2 ||    14
